 Dungeon Crawl Stone Soup version 0.17.1-2-g5865329 (webtiles) character file.

353103 ImaNewbie the Impregnable (level 23, -3/185 (188) HPs)
             Began as a Formicid Fighter on Jan 18, 2016.
             Was the Champion of Qazlal.
             Slain by an azure jelly (9 damage)
             ... on level 2 of the Pits of Slime.
             The game lasted 05:26:51 (56208 turns).

ImaNewbie the Impregnable (Formicid Fighter)       Turns: 56208, Time: 05:26:51

HP:   -3/185 (188)  AC:  5    Str: 28    XL:     23   Next: 29%
MP:   25/28         EV:  7    Int: 13    God:    Qazlal [******]
Gold: 1636          SH: 22    Dex: 10    Spells: 0 memorised, 22 levels left

rFire  + . .     SeeInvis +     y - +3 battleaxe (freeze)
rCold  + + .     Clarity  .     n - +0 crystal plate armour
rNeg   . . .     SustAt   .     Y - +2 shield {reflect}
rPois  +         Gourm    .     (helmet unavailable)
rElec  +         Spirit   .     w - +2 cloak
rCorr  .         Warding  .     U - +0 pair of gloves
rMut   .         Stasis   +     C - +2 pair of boots {run}
MR     +++..                    (no amulet)
Stlth  ..........               b - ring "Dycot" {rElec rPois MR+ Str-2 Int+2}
                                T - ring of protection from cold

@: protected from cold, corroded equipment, repel missiles, quick, extremely
resistant to hostile enchantments, extremely unstealthy
A: permanent stasis, dig shafts and tunnels, four strong arms, antennae 3,
clever 1, fire resistance 1, low mp 2, regeneration 1, spit poison 1, MP-powered
wands
a: Dig, Shaft Self, Spit Poison, Upheaval, Elemental Force, Disaster Area,
Renounce Religion
}: 2/15 runes: decaying, serpentine


You were on level 2 of the Pits of Slime.
You worshipped Qazlal.
Qazlal was exalted by your worship.
You were not hungry.

You visited 8 branches of the dungeon, and saw 44 of its levels.
You also visited: Ice Cave.

You collected 4942 gold pieces.
You spent 3306 gold pieces at shops.

Inventory:

Hand Weapons
 c - the +1 executioner's axe of the Blind Eye {holy, rN+ MP+9 Dex-4 Stlth+}
   (You acquired it on level 1 of the Orcish Mines)

   It has been blessed by the Shining One to cause great damage to the undead
   and demons.
   It affects your dexterity (-4).
   It protects you from negative energy.
   It affects your magic capacity (+9).
   It makes you more stealthy.
 y - a +3 battleaxe of freezing (weapon)
Armour
 n - a +0 crystal plate armour (worn)
 w - a +2 cloak (worn)
 B - a +1 plate armour of cold resistance
 C - a +2 pair of boots of running (worn)
 U - a +0 pair of gloves (worn)
 Y - a +2 shield of reflection (worn)
Jewellery
 b - the ring "Dycot" (right hand) {rElec rPois MR+ Str-2 Int+2}
   (You bought it in a shop on level 3 of the Depths)

   [ring of protection from magic]

   It affects your strength (-2).
   It affects your intelligence (+2).
   It insulates you from electricity.
   It protects you from poison.
   It affects your resistance to hostile enchantments.
 h - an uncursed ring of protection from fire
 i - an uncursed ring of protection from magic
 v - an uncursed ring of sustain attributes
 x - an uncursed amulet of resist corrosion
 K - an uncursed amulet of resist mutation
 P - a +4 ring of evasion
 T - a ring of protection from cold (left hand)
Wands
 E - a wand of polymorph (15)
 I - a wand of flame (26)
 L - a wand of fireball (10)
 M - a wand of fire (5)
 N - a wand of lightning (8)
Scrolls
 g - 3 scrolls of recharging
 m - 3 scrolls of fear
 p - 31 scrolls of identify
 q - a scroll of acquirement
 r - a scroll of silence
 D - a scroll of brand weapon
 J - 5 scrolls of magic mapping
 Q - 2 scrolls of fog
 R - 6 scrolls of enchant armour
 V - 4 scrolls of amnesia
 Z - 4 scrolls of remove curse
Potions
 d - a potion of might
 f - 3 potions of agility
 j - 4 potions of lignification
 k - 2 potions of resistance
 l - 9 potions of curing
 s - 8 potions of ambrosia
 A - 6 potions of flight
 H - a potion of cure mutation
 O - 2 potions of invisibility
 W - 6 potions of brilliance
Miscellaneous
 o - a phial of floods
 F - a stone of tremors
Comestibles
 e - 28 bread rations
 t - 34 meat rations
 u - 34 fruits
 z - 11 royal jellies
 G - 12 beef jerkies


   Skills:
 + Level 17.2 Fighting
 * Level 20.9 Axes
 * Level 21.3 Armour
 - Level 9.0 Shields
 + Level 18.4 Invocations
 - Level 10.2 Evocations


You had 22 spell levels left.
You didn't know any spells.

Dungeon Overview and Level Annotations

Branches:
Dungeon (15/15)            Temple (1/1) D:5            Lair (8/8) D:8
  Swamp (4/4) Lair:4        Snake (4/4) Lair:5        Slime (3/6) Lair:6
    Orc (4/4) D:9             Elf (0/3) Orc:4        Vaults (0/5) D:14
 Depths (5/5) D:15
    Zot: Depths:5

Altars:
Ashenzari
Cheibriados
Dithmenos
Elyvilon
Fedhas
Gozag
Kikubaaqudgha
Makhleb
Nemelex Xobeh
Okawaru
Qazlal
Ru
Sif Muna
Trog
Vehumet
Xom
Yredelemnul
Zin
The Shining One
Beogh
Jiyva

Shops:
D:6 *   D:10 (   Orc:3 *   Orc:4 [*}![   Snake:1 :   Depths:3 =

Portals:
Hell: Depths:1 Depths:2 Depths:3 Depths:4 Depths:5
Abyss: Depths:4
Pandemonium: Orc:4 Depths:3 Depths:4
Ziggurat: Depths:3
Trove: D:15 (give +2 storm dragon armour)

Annotations:
D:2 exclusion: oklob plant
D:4 exclusion: downstairs
D:5 1 runed door
D:7 exclusion: downstairs
Swamp:1 exclusion: downstairs


Innate Abilities, Weirdness & Mutations

You are under a permanent stasis effect.
You can dig through walls and to a lower floor.
Your four strong arms can wield two-handed weapons with a shield.
You have a pair of large antennae on your head (SInv).
Your mind is acute. (Int +2)
Your flesh is heat resistant.
Your magical capacity is very low (-20% MP).
Your natural rate of healing is unusually fast.
You can spit weak poison.
You expend magic power (3 MP) to strengthen your wands.


Message History

The splash of acid hits you!
* * * LOW HITPOINT WARNING * * *
The acid corrodes you!
The acid burns!
* * * LOW HITPOINT WARNING * * *
The azure jelly is engulfed in freezing vapours.
You offer a prayer to Qazlal.
Qazlal is exalted by your worship.
Put on which piece of jewellery? (? for menu, Esc to quit)
You remove your amulet of resist mutation.
The azure jelly hits you!
* * * LOW HITPOINT WARNING * * *
The azure jelly freezes you! You resist.
* * * LOW HITPOINT WARNING * * *
The azure jelly hits you.
* * * LOW HITPOINT WARNING * * *
The azure jelly freezes you! You resist.
You feel protected from cold.
* * * LOW HITPOINT WARNING * * *
The azure jelly hits you!
You die...

#.......................##
#...#....>..........#..## #
##.................##...#.#
##.................#......
#.....................##.
##.......§J............##
##.#..#......§§§.........#
#............J.§........##
##.#..#......@§.......###
#............<§§.......#
##..........§..........#
##......#.............#
###...####......#....##
##.....##.###.....#.###
#......#...........##
##....###...........#
#....#####.#.##...##


You could see an acid blob and an azure jelly.

Vanquished Creatures
  A juggernaut (Depths:3)
  Norris (Snake:2)
  A golden dragon (Depths:3)
  Nikola (Swamp:2)
  A bone dragon (Swamp:4)
  Jorgrun (Swamp:4)
  4 tentacled monstrosities
  3 liches
  4 acid blobs
  Frances (Swamp:2)
  2 thorn hunters
  A tengu reaver (Depths:3)
  A storm dragon (Depths:3)
  2 azure jellies (Slime:1)
  5 fire giants
  5 frost giants
  6 greater nagas
  Donald (Swamp:4)
  Maud (Orc:1)
  Louise (Snake:2)
  A deep elf sorcerer (Depths:5)
  An orc warlord (Orc:3)
  2 spriggan defenders (Depths:4)
  3 vampire knights
  7 stone giants
  A deep elf annihilator (Depths:5)
  A very ugly thing (Depths:3)
  A deep elf demonologist (Depths:5)
  Azrael (D:15)
  2 vault guards (D:14)
  10 fire dragons
  2 jiangshi (Depths:2)
  4 ettins
  A yaktaur captain (Depths:5)
  4 entropy weavers
  Fannar (Orc:1)
  2 deep elf high priests
  9 hydras
  15 naga warriors
  2 rakshasas
  A catoblepas (D:15)
  10 great orbs of eyes
  The ghost of Gobser the Cleaver, a journeyman DsAK of Lugonu (Orc:4)
  2 ghost crabs (Swamp:4)
  3 spriggan air magi
  16 ice dragons
  3 centaur warriors
  12 alligators
  Erolcha (Orc:3)
  18 anacondas
  6 tengu warriors
  7 deep troll shamans
  A queen ant (Lair:6)
  6 orc high priests (Orc:4)
  2 vampire magi
  2 ogre magi
  13 naga sharpshooters
  7 deep troll earth magi
  12 death yaks
  A soul eater (Orc:4)
  3 shock serpents
  A fire crab (Lair:6)
  A spriggan berserker (Depths:3)
  A titan zombie (Depths:2)
  6 spriggans
  4 iron trolls
  2 salamander mystics (Snake:2)
  A death drake (Swamp:4)
  12 deep trolls
  3 unseen horrors
  5 hell knights (Depths:2)
  8 wizards
  2 ice devils
  A spriggan druid (Swamp:4)
  8 naga ritualists
  5 spectral hydras (Swamp:4)
  4 sea snakes
  3 swamp dragons
  A swamp dragon (shapeshifter) (Depths:2)
  4 orc knights (Orc:4)
  A deep elf summoner (Depths:5)
  2 shambling mangroves (Swamp:3)
  An anubis guard (Snake:3)
  3 giant orange brains
  2 putrid demonspawn (Orc:4)
  A torturous demonspawn (Orc:4)
  6 phantasmal warriors
  6 hill giants
  A sphinx zombie (Depths:2)
  6 necromancers
  A lindwurm (Lair:8)
  2 wolf spiders (Lair:8)
  An oklob plant (Lair:8)
  3 griffons
  3 hornets
  5 orc sorcerers (Orc:4)
  12 salamanders
  5 shining eyes
  A fire giant zombie (Depths:2)
  10 ugly things
  13 mana vipers
  65 black mambas
  14 elephants
  30 spiny frogs
  2 fire giant skeletons (Depths:1)
  3 rust devils
  A stone giant skeleton (Depths:2)
  Joseph (D:7)
  An eye of devastation (Slime:1)
  3 guardian serpents
  21 naga magi
  2 ice statues (IceCv)
  The ghost of SirMumm the Thaumaturge, a novice DEWz of Vehumet (D:6)
  5 torpor snails (Lair:8)
  3 gargoyles
  An orange demon (Orc:4)
  A spriggan zombie (Depths:1)
  2 efreet
  The ghost of Glider the Cutter, a novice DsNe (D:5)
  2 fire drakes
  6 yaktaurs
  5 swamp worm zombies (Swamp:4)
  2 jumping spiders (Depths:5)
  A demonic crawler (Depths:4)
  8 komodo dragons
  4 tengu conjurers
  10 trolls
  4 hydra zombies (Swamp:4)
  A troll (shapeshifter) (D:13)
  A red devil (Orc:4)
  A merfolk (shapeshifter) (Depths:4)
  2 spriggan skeletons (Depths:1)
  8 giant leeches
  A queen bee (D:11)
  A tengu simulacrum (Depths:2)
  2 polar bears
  Grinder (D:4)
  7 two-headed ogres
  20 blink frogs
  11 bog bodies
  A harpy skeleton (D:15)
  A trapdoor spider zombie (D:12)
  105 slime creatures
  A spectral swamp dragon (Swamp:4)
  2 alligator zombies (Swamp:4)
  A boulder beetle (Lair:8)
  4 air elementals
  A blink frog (shapeshifter) (Depths:4)
  2 shadows
  An ettin zombie (Depths:1)
  4 wyverns
  52 yaks
  Sigmund (D:3)
  9 redbacks
  10 hippogriffs
  A deep troll skeleton (Depths:1)
  5 water elementals
  A ynoxinul (Orc:4)
  2 fire elementals (D:15)
  3 hungry ghosts
  2 humans (shapeshifter)
  A steam dragon (D:11)
  A wraith (D:15)
  10 vampire mosquitoes
  A deep elf fighter (Depths:5)
  20 humans (D:14)
  3 mottled dragons
  20 swamp worms
  4 basilisks
  3 tarantellas
  16 wolves
  A warg (Orc:1)
  31 water moccasins
  23 insubstantial wisps
  3 hell hounds (D:15)
  59 nagas
  7 porcupines
  7 soldier ants
  38 orc warriors
  8 necrophages
  4 spiders (Lair:8)
  5 black bears
  4 eyes of draining
  13 ice beasts
  7 sky beasts
  15 wasps
  12 centaurs
  3 swamp dragon zombies (Swamp:4)
  6 swamp drakes
  19 ogres
  12 boggarts
  8 phantoms
  23 crocodiles
  A tengu (shapeshifter) (Depths:5)
  3 big kobolds
  4 brain worms (Lair:8)
  25 giant frogs
  A wyvern zombie (D:15)
  4 wyvern skeletons
  A glowing shapeshifter simulacrum (Depths:1)
  3 scorpions
  23 wights
  27 killer bees
  2 giant frog zombies
  7 hounds
  3 centaur zombies
  9 lava snakes (Snake:4)
  5 crimson imps
  38 orc priests
  15 jellies
  40 worker ants
  7 centaur skeletons
  6 iguanas
  Jessica (D:2)
  3 giant frog skeletons
  2 spectral swamp drakes (Swamp:4)
  Natasha (thrice) (D:2)
  43 orc wizards
  22 sheep
  2 worker ant zombies
  Robin (D:2)
  37 adders
  6 gnolls
  28 river rats
  4 shadow imps
  12 white imps (Lair:1)
  An ooze (D:1)
  3 adder skeletons
  19 worms
  2 giant geckos
  203 orcs
  3 ball pythons
  12 bats
  14 giant cockroaches
  12 hobgoblins
  6 jackals
  3 quokkas
  A giant gecko zombie (D:7)
  6 giant newts
  14 goblins
  20 kobolds
  A quokka skeleton (D:5)
  7 rats
  11 briar patches (Swamp:2)
  A bush (Lair:3)
  A butterfly (D:5)
  124 fungi
  79 plants
2179 creatures vanquished.

Vanquished Creatures (others)
  A frost giant (Depths:3)
  A naga warrior (Snake:4)
  A ghost crab (Swamp:2)
  Sonja (D:15)
  A naga mage (Snake:2)
  4 yaktaurs (Depths:3)
  A vampire mosquito (D:15)
  A swamp worm (Swamp:2)
  3 insubstantial wisps (Swamp:4)
  An orc warrior (Orc:3)
  A boggart (Depths:2)
  A worker ant (D:8)
  2 orcs (D:6)
  A kobold (D:14)
  A briar patch (Swamp:2)
  A bush (Lair:8)
  24 fungi
  38 plants
  17 toadstools (D:2)
101 creatures vanquished.

Grand Total: 2280 creatures vanquished

Notes
Turn   | Place    | Note
--------------------------------------------------------------
     0 | D:1      | ImaNewbie the Formicid Fighter began the quest for the Orb.
     0 | D:1      | Reached XP level 1. HP: 18/18 MP: 1/1
   102 | D:1      | Reached XP level 2. HP: 20/24 MP: 2/2
   309 | D:1      | Reached XP level 3. HP: 29/29 MP: 3/3
   766 | D:2      | Found a sparkling altar of Nemelex Xobeh.
  1010 | D:2      | Found a blossoming altar of Fedhas.
  1024 | D:2      | Noticed an oklob plant
  1095 | D:2      | Noticed Jessica
  1102 | D:2      | Killed Jessica
  1102 | D:2      | Reached skill level 4 in Axes
  1102 | D:2      | Reached XP level 4. HP: 35/35 MP: 4/4
  1229 | D:2      | Noticed Natasha
  1241 | D:2      | Killed Natasha
  1241 | D:2      | Reached XP level 5. HP: 35/41 MP: 5/5
  1307 | D:2      | Reached skill level 5 in Axes
  1355 | D:2      | Noticed Natasha
  1359 | D:2      | Killed Natasha
  1409 | D:2      | Found a shattered altar of Ashenzari.
  1414 | D:2      | Noticed Robin
  1446 | D:2      | Killed Robin
  1796 | D:2      | Noticed Natasha
  1801 | D:2      | Killed Natasha
  1956 | D:3      | Noticed Sigmund
  1964 | D:3      | Killed Sigmund
  1964 | D:3      | Reached skill level 6 in Axes
  1964 | D:3      | Reached XP level 6. HP: 43/47 MP: 6/6
  2279 | D:3      | Reached XP level 7. HP: 45/52 MP: 7/7
  2389 | D:3      | Reached skill level 7 in Axes
  2639 | D:4      | Noticed Grinder
  2703 | D:4      | Killed Grinder
  2703 | D:4      | Reached skill level 8 in Axes
  2735 | D:4      | Reached XP level 8. HP: 44/58 MP: 8/8
  3225 | D:4      | Found an ancient bone altar of Kikubaaqudgha.
  3619 | D:4      | Reached skill level 9 in Axes
  3724 | D:5      | Entered Level 5 of the Dungeon
  3782 | D:5      | Found a staircase to the Ecumenical Temple.
  3793 | Temple   | Entered the Ecumenical Temple
  3991 | D:5      | Noticed Glider's ghost (novice DsNe)
  4228 | D:5      | Found a shattered altar of Ashenzari.
  4232 | D:5      | Saw a vision of the Swamp and the Snake Pit.
  4232 | D:5      | Noticed a naga warrior
  4232 | D:5      | Noticed a shock serpent
  4232 | D:5      | Noticed a black mamba
  4232 | D:5      | Noticed a mana viper
  4232 | D:5      | Noticed a naga warrior
  4232 | D:5      | Noticed an alligator
  4232 | D:5      | Noticed a naga mage
  4232 | D:5      | Noticed an alligator
  4232 | D:5      | Noticed a black mamba
  4232 | D:5      | Noticed a guardian serpent
  4232 | D:5      | Noticed a naga warrior
  4309 | D:5      | Found a runed door.
  4321 | D:5      | Found a runed door.
  4611 | D:5      | Reached skill level 10 in Axes
  5607 | D:6      | Reached XP level 9. HP: 64/64 MP: 9/9
  5661 | D:6      | Reached skill level 11 in Axes
  5906 | D:6      | Noticed a two-headed ogre
  6303 | D:5      | Found a staircase to the Ecumenical Temple.
  6404 | D:6      | Noticed SirMumm's ghost (novice DEWz)
  6572 | D:7      | Noticed a centaur skeleton
  6574 | D:7      | Reached skill level 12 in Axes
  6585 | D:7      | Killed a centaur skeleton
  6788 | D:7      | Noticed Joseph
  6795 | D:7      | Reached XP level 10. HP: 54/70 MP: 10/10
  6816 | D:7      | Killed Joseph
  6816 | D:7      | Reached skill level 13 in Axes
  7096 | D:7      | Found a stormy altar of Qazlal.
  7108 | D:7      | Found an opulent altar of Gozag.
  7115 | D:7      | Became a worshipper of Qazlal Stormbringer
  7324 | D:7      | Found a burning altar of Makhleb.
  7324 | D:7      | Found a blossoming altar of Fedhas.
  7325 | D:7      | Found a snail-covered altar of Cheibriados.
  7342 | D:7      | Found a radiant altar of Vehumet.
  7926 | D:8      | Found a burning altar of Makhleb.
  8015 | D:8      | Reached * piety under Qazlal
  8055 | D:8      | Reached skill level 14 in Axes
  8356 | D:8      | Found a staircase to the Lair.
  8775 | D:8      | Reached ** piety under Qazlal
  9267 | D:6      | Reached skill level 5 in Fighting
  9358 | D:6      | Found a white marble altar of Elyvilon.
  9390 | D:6      | Killed a two-headed ogre
  9472 | D:6      | Found Jinicugg's Serpentskin Sales.
  9511 | D:6      | Killed SirMumm's ghost
  9511 | D:6      | Reached skill level 5 in Shields
  9511 | D:6      | Reached XP level 11. HP: 47/81 MP: 11/11
 10080 | D:5      | Killed Glider's ghost
 10150 | D:5      | Found a shattered altar of Ashenzari.
 10161 | D:5      | Reached skill level 5 in Armour
 10624 | D:9      | Found an iron altar of Okawaru.
 10896 | D:9      | Found a staircase to the Orcish Mines.
 11221 | D:9      | Reached *** piety under Qazlal
 12022 | Orc:1    | Entered Level 1 of the Orcish Mines
 12114 | Orc:1    | Reached **** piety under Qazlal
 12159 | Orc:1    | Noticed Fannar
 12202 | Orc:1    | Killed Fannar
 12400 | Orc:1    | Identified a scroll of acquirement
 12401 | Orc:1    | Got a polished executioner's axe
 12402 | Orc:1    | Identified the +1 executioner's axe of the Blind Eye {holy, rN+ MP+9 Dex-4 Stlth+} (You acquired it on level 1 of the Orcish Mines)
 12570 | Orc:1    | Found a roughly hewn altar of Beogh.
 12759 | Orc:2    | Noticed Maud
 12791 | Orc:1    | Killed Maud
 12791 | Orc:1    | Reached XP level 12. HP: 43/96 MP: 12/12
 13130 | Orc:2    | Reached ***** piety under Qazlal
 13391 | Orc:3    | Noticed Erolcha
 13459 | Orc:3    | Found Nujefux's Assorted Antiques.
 13511 | Orc:3    | Bought a pair of boots for 144 gold pieces
 13571 | Orc:3    | Killed Erolcha
 13571 | Orc:3    | Reached skill level 10 in Fighting
 14003 | Orc:4    | Entered Level 4 of the Orcish Mines
 14005 | Orc:4    | Noticed an orc warlord
 14006 | Orc:4    | Noticed Gobser's ghost (journeyman DsAK)
 14235 | Orc:3    | Killed an orc warlord
 14235 | Orc:3    | Reached skill level 1 in Invocations
 14822 | Orc:4    | Found Vinnarph's Antique Armour Shop.
 14893 | Orc:4    | Found a staircase to the Elven Halls.
 14945 | Orc:4    | Bought a pair of runed boots for 171 gold pieces
 14955 | Orc:4    | Identified a +2 pair of boots of running (You bought it in a shop on level 4 of the Orcish Mines)
 15037 | Orc:4    | Killed Gobser's ghost
 15653 | Orc:4    | Reached skill level 5 in Invocations
 15660 | Orc:4    | Found Penaeresch's General Store.
 15696 | Orc:4    | Found Pasy's Distillery.
 15943 | Orc:4    | Reached XP level 13. HP: 51/106 MP: 17/17
 15983 | Orc:4    | Reached ****** piety under Qazlal
 16205 | Orc:4    | Bought a potion of mutation for 42 gold pieces
 16238 | Orc:4    | Noticed an orc high priest
 16595 | Orc:4    | Killed an orc high priest
 16901 | Orc:4    | Noticed an orc high priest
 16901 | Orc:4    | Noticed an orc high priest
 16901 | Orc:4    | Noticed an orc high priest
 16931 | Orc:4    | Killed an orc high priest
 16932 | Orc:4    | Killed an orc high priest
 16939 | Orc:4    | Killed an orc high priest
 17606 | Orc:4    | Noticed an orc high priest
 17610 | Orc:4    | Noticed an orc high priest
 17614 | Orc:4    | Killed an orc high priest
 17627 | Orc:4    | Killed an orc high priest
 17627 | Orc:4    | Reached skill level 10 in Invocations
 17797 | Orc:4    | Found Bidav's Gadget Emporium.
 17797 | Orc:4    | Found Myrie's Antique Armour Shoppe.
 17797 | Orc:4    | Found a one-way gate leading to the halls of Pandemonium.
 18347 | Orc:2    | Reached skill level 10 in Armour
 18464 | D:6      | Bought 2 curare-tipped needles for 16 gold pieces
 18464 | D:6      | Bought a +0 blowgun for 35 gold pieces
 18547 | Lair:1   | Entered Level 1 of the Lair of Beasts
 19161 | Lair:1   | Found a frozen archway.
 19183 | IceCv    | Entered an ice cave
 19188 | IceCv    | Reached XP level 14. HP: 96/115 MP: 22/22
 20986 | Lair:3   | Reached skill level 1 in Evocations
 21730 | D:10     | Entered Level 10 of the Dungeon
 21927 | D:10     | Found Iloruav's Weapon Emporium.
 24323 | D:13     | Reached XP level 15. HP: 118/123 MP: 24/24
 24324 | D:13     | Reached skill level 5 in Evocations
 25372 | Lair:4   | Found a staircase to the Swamp.
 25421 | Lair:4   | Got a twisted robe
 25432 | Lair:4   | Identified the +3 robe of the Cicada {rF- Dex+5} (You found it on level 4 of the Lair of Beasts)
 26207 | Lair:5   | Found a staircase to the Snake Pit.
 26362 | Lair:5   | Got a polished leather armour
 26373 | Lair:5   | Identified the +2 leather armour "Coac Sykk" {rPois rC+ Dex+4} (You found it on level 5 of the Lair of Beasts)
 27629 | Lair:6   | Found a runed door.
 27629 | Lair:6   | Found a viscous altar of Jiyva.
 27629 | Lair:6   | Found a staircase to the Slime Pits.
 27629 | Lair:6   | Noticed an acid blob
 28124 | Orc:4    | Gained mutation: You expend magic power (3 MP) to strengthen your wands. [potion of mutation]
 28124 | Orc:4    | Gained mutation: Your natural rate of healing is unusually fast. [potion of mutation]
 28124 | Orc:4    | Gained mutation: You can spit weak poison. [potion of mutation]
 28125 | Orc:4    | Gained mutation: Your flesh is heat resistant. [potion of mutation]
 28125 | Orc:4    | Gained mutation: Your mind is acute. (Int +2) [potion of mutation]
 28348 | Lair:7   | Reached XP level 16. HP: 128/130 MP: 25/25
 29079 | Lair:8   | Entered Level 8 of the Lair of Beasts
 29099 | Lair:8   | Reached skill level 15 in Axes
 29562 | Lair:8   | Got a shimmering iron ring
 29563 | Lair:8   | Identified the ring of Emassicu {+/*Tele rN+ Str-3 Int+6} (You found it on level 8 of the Lair of Beasts)
 30004 | Lair:8   | Found a runed door.
 30055 | Lair:8   | Reached skill level 10 in Evocations
 31074 | Swamp:1  | Entered Level 1 of the Swamp
 31522 | Swamp:1  | Reached XP level 17. HP: 133/136 MP: 27/27
 31768 | Swamp:1  | Got a smoking turquoise ring
 32062 | Swamp:2  | Noticed Nikola
 32216 | Swamp:2  | Identified the ring "Zuoceniqo" {rC- Str+5 Dex+4 Slay+2} (You found it on level 1 of the Swamp)
 32311 | Swamp:2  | Noticed Frances
 32335 | Swamp:2  | Killed Frances
 32577 | Swamp:2  | Killed Nikola
 32577 | Swamp:2  | Reached skill level 15 in Armour
 32999 | Swamp:2  | Reached skill level 16 in Axes
 34748 | Snake:1  | Entered Level 1 of the Snake Pit
 34928 | Orc:4    | Bought a shiny plate armour for 874 gold pieces
 34941 | Orc:4    | Bought a runed plate armour for 874 gold pieces
 35955 | Snake:1  | Reached XP level 18. HP: 133/145 MP: 28/28
 36206 | Snake:1  | Found Hugigg's Book Shop.
 36595 | Orc:3    | Bought a blackened copper ring for 160 gold pieces
 37263 | Orc:4    | Bought a wand of polymorph (8) for 170 gold pieces
 37507 | Snake:2  | Noticed Norris
 37524 | Snake:2  | Killed Norris
 37970 | Snake:2  | Reached skill level 17 in Axes
 38742 | Snake:3  | Noticed Louise
 38763 | Snake:2  | Killed Louise
 38763 | Snake:2  | Reached skill level 15 in Invocations
 39813 | Snake:3  | Reached XP level 19. HP: 123/153 MP: 30/30
 40119 | Snake:4  | Entered Level 4 of the Snake Pit
 41121 | Snake:4  | Reached skill level 18 in Axes
 41783 | Snake:4  | Reached skill level 15 in Fighting
 41978 | Snake:4  | Got a serpentine rune of Zot
 42342 | Swamp:4  | Entered Level 4 of the Swamp
 42420 | Swamp:4  | Noticed Jorgrun
 42561 | Swamp:4  | Killed Jorgrun
 42916 | Swamp:4  | Noticed Donald
 42935 | Swamp:4  | Killed Donald
 43012 | Swamp:4  | Reached XP level 20. HP: 157/162 MP: 32/32
 43216 | Swamp:4  | Noticed a bone dragon
 43243 | Swamp:4  | Killed a bone dragon
 43506 | Swamp:4  | Got a decaying rune of Zot
 45017 | D:14     | Found a gate to the Vaults.
 45396 | D:15     | Entered Level 15 of the Dungeon
 45411 | D:15     | Noticed Sonja
 45436 | D:15     | Killed Sonja
 45615 | D:15     | Found a portal to a secret trove of treasure.
 45712 | D:15     | Noticed Azrael
 45721 | D:15     | Killed Azrael
 45943 | D:15     | Found a staircase to the Depths.
 46161 | Depths:1 | Entered Level 1 of the Depths
 46200 | Depths:1 | Reached skill level 19 in Axes
 46224 | Depths:1 | Found a gateway to Hell.
 47235 | Depths:1 | Got a sparkling jade amulet
 47237 | Depths:1 | Identified the amulet "Webback" {Faith rElec rF+ MP-9} (You found it on level 1 of the Depths)
 47451 | Depths:2 | Noticed a lich
 47597 | Depths:2 | Reached XP level 21. HP: 164/167 MP: 24/33
 49273 | Depths:3 | Found a gateway to a ziggurat.
 49316 | Depths:3 | Found Cutiat's Jewellery Shoppe.
 49337 | Depths:3 | Bought the ring "Dycot" {rElec rPois MR+ Str-2 Int+2} for 820 gold pieces
 49799 | Depths:3 | Noticed a juggernaut
 49807 | Depths:3 | HP: 7/168 [juggernaut (93)]
 50183 | Depths:3 | Killed a juggernaut
 50402 | Depths:3 | Noticed a golden dragon
 51008 | Depths:3 | Reached skill level 20 in Armour
 51079 | Depths:3 | Killed a golden dragon
 51127 | Depths:3 | Reached XP level 22. HP: 111/175 MP: 34/34
 51842 | Depths:4 | Found a one-way gate to the infinite horrors of the Abyss.
 52749 | Depths:5 | Entered Level 5 of the Depths
 54512 | Depths:4 | Reached skill level 21 in Armour
 54935 | Lair:6   | Killed an acid blob
 54941 | Slime:1  | Entered Level 1 of the Pits of Slime
 54965 | Slime:1  | Reached XP level 23. HP: 184/184 MP: 36/36
 55377 | Slime:2  | Gained mutation: Your magical capacity is low (-10% MP). [a shining eye]
 56186 | Slime:3  | Gained mutation: Your magical capacity is very low (-20% MP). [a shining eye]
 56208 | Slime:2  | HP: 6/185 [azure jelly (11)]
 56208 | Slime:2  | Slain by an azure jelly

Action                   |  1- 3 |  4- 6 |  7- 9 | 10-12 | 13-15 | 16-18 | 19-21 | 22-24 || total
-------------------------+-------+-------+-------+-------+-------+-------+-------+-------++-------
Melee: War axe           |    43 |       |       |       |       |       |       |       ||    43
       Hand axe          |    34 |    94 |   377 |   863 |    22 |       |       |       ||  1390
       Executioner's axe |       |       |       |    70 |    30 |       |   134 |       ||   234
       Broad axe         |       |       |       |    36 |  1084 |  1364 |    44 |       ||  2528
       Trident           |       |       |       |       |    17 |    53 |       |       ||    70
       Battleaxe         |       |       |       |       |       |       |  1434 |   632 ||  2066
Invok: Upheaval          |       |       |       |     7 |     6 |     3 |       |     4 ||    20
       Disaster Area     |       |       |       |       |       |     2 |       |       ||     2
       Elemental Force   |       |       |       |       |       |     1 |     1 |       ||     2
 Abil: Dig               |       |       |       |     3 |     3 |     1 |     9 |     1 ||    17
Evoke: Wand              |       |       |       |       |       |     7 |     4 |       ||    11
  Use: Potion            |       |     1 |     7 |     1 |     7 |     3 |     4 |       ||    23
       Scroll            |       |     3 |     4 |     7 |     9 |     2 |     7 |       ||    32
 Stab: Petrified         |       |       |       |       |       |       |     1 |       ||     1
       Distracted        |       |       |       |       |       |       |     1 |       ||     1
  Eat: Chunk             |     1 |     3 |    15 |    28 |    37 |    33 |    29 |    12 ||   158
       Pizza             |       |       |       |     1 |       |     2 |     1 |       ||     4
       Fruit             |       |       |       |     1 |     2 |       |     8 |       ||    11
       Beef jerky        |       |       |       |       |       |       |       |     3 ||     3
